[Event "Karel Janecek Open 2025"]
[Site "Prague"]
[Date "2025.03.04"]
[Round "6.3"]
[White "Sofronie, Iulian"]
[Black "Beerdsen, Thomas"]
[Result "0-1"]
[Annotator "TA"]
[ECO "A41"]
[WhiteElo "2380"]
[BlackElo "2511"]
[PlyCount "106"]
[EventDate "2025.02.21"]
[EventType "swiss"]
[EventCountry "CZE"]
[SourceTitle "playchess.com"]
[Source "ChessBase"]
[SourceQuality "1"]
[TimeControl "40/5400+30:1800+30"]

1. d4 Nf6 2. Bf4 Nc6 3. Nf3 d6 4. h3 g6 5. Nc3 Bg7 6. e4 {[%emt 0:00:12] A41: 1 d4 d6: Tartakower System and Modern Defence.} O-O 7. Be2 a6 8. a4 {[%emt 0:02:14] White is slightly better.} Qe8 $146 (8... Re8 9. e5 Nd7 10. exd6 cxd6 11. O-O b6 12. Be3 Bb7 13. Re1 Rc8 14. Qd2 Na5 {0-1 Sharma,D (2394)-Ismagambetov,A (2523) New Delhi Parsvnath op 7th 2009 (9)}) 9. Be3 e5 10. d5 Ne7 11. Nd2 Nd7 12. g4 f5 13. gxf5 (13. f3 $14) 13... gxf5 $11 14. Bh5 Qd8 15. Bg5 h6 {[%emt 0:04:27] Black is weak on the light squares} 16. Bh4 Bf6 17. Bxf6 Nxf6 18. Qe2 f4 (18... Kh8 $142) 19. O-O-O Kh7 20. Rdg1 (20. Bg4 Rg8 21. Rhg1 b5 22. Bxc8 Qxc8 23. Rxg8 Kxg8 24. Rg1+) 20... Bd7 21. Nf3 Rg8 {[%emt 0:03:09] Prevents h4.} (21... Nxh5 $2 22. Ng5+ Kh8 23. Qxh5 $18) 22. Nh4 Nxh5 (22... Rxg1+ {simplifies} 23. Rxg1 Bxh3 24. Rh1 Qd7) 23. Qxh5 Qe8 {[%emt 0:00:59] Successful Defense Black Wards off Qf7+} (23... Rxg1+ 24. Rxg1 Qe8 25. Qd1 $15) 24. Qf3 Qf7 25. b3 Qf6 {[%emt 0:02:19] Active counter play!} 26. Ng2 Rg6 {[%emt 0:00:34] ...Rag8 would now be deadly.} 27. Ne2 $2 (27. Ne1 $11 {and White is okay.}) 27... c6 $19 28. dxc6 Bxc6 29. Rd1 {[%emt 0:02:06] [#]} Rxg2 $1 30. Qxg2 f3 31. Qf1 fxe2 32. Qxe2 Qf4+ 33. Qd2 Rf8 (33... Bxe4 $2 34. Qxf4 exf4 35. Rhe1 $18) (33... Qxe4 34. Qxd6 Re8 (34... Qxh1 $2 35. Qxe7+ Kg6 36. Qe6+ Kg7 37. Qxe5+ Kf7 38. Rxh1 $18) 35. Rhg1 $11) (33... Qxd2+ $19 {is more deadly.} 34. Rxd2 Nf5 (34... Bxe4 35. Re1 $17)) 34. Rhe1 (34. Qxf4 $17 Rxf4 35. Rxd6) 34... Qxd2+ (34... Qxf2 35. Qxd6 Ng6 36. Kb2 $17) (34... Bxe4 35. Qxf4 Rxf4 36. Rxd6 $17) 35. Rxd2 Rf6 36. c4 (36. Re3 $17) 36... Kg6 37. Re3 Kf7 38. Kb2 (38. Red3 $17) 38... a5 39. Ka3 (39. Red3 $17) 39... Nc8 40. f3 {[%emt 0:01:03] [#]} (40. Rc2 $142) 40... Nb6 $1 41. Red3 Ke7 42. Rg2 Nd7 43. Rg7+ Kf8 44. Rg3 Nc5 45. Rd1 Be8 46. Rdg1 Bf7 47. Rd1 Na6 48. Rf1 Bg6 49. Rd1 Nb4 50. c5 dxc5 51. Rd7 {[%emt 0:00:00] [#]} (51. Rd8+ {is a better defense.} Ke7 52. Rc8) 51... Bxe4 $1 {[%emt 0:00:00] Black is clearly winning.} 52. Rd8+ ({Inferior is} 52. fxe4 Rf2) (52. Rc7 Bc6) 52... Ke7 53. Rh8 Bxf3 {[%emt 0:00:00] Weighted Error Value: White=0.36/Black=0.15 (very precise)   Mistake:       	White=8     	Black=2      Inaccurate:     	White=4     	Black=3      OK:         	White=12    	Black=17     Best:        	---       	Black=3      Strong:       	---       	Black=1} 0-1

[Event "Karel Janecek Open 2025"]
[Site "Prague"]
[Date "2025.03.04"]
[Round "6.4"]
[White "Nyzhnyk, Illya"]
[Black "Shagbazyan, Taron"]
[Result "1-0"]
[Annotator "TA"]
[ECO "B15"]
[WhiteElo "2569"]
[BlackElo "2428"]
[PlyCount "81"]
[EventDate "2025.02.21"]
[EventType "swiss"]
[EventCountry "CZE"]
[SourceTitle "playchess.com"]
[Source "ChessBase"]
[SourceQuality "1"]
[TimeControl "40/5400+30:1800+30"]

1. e4 c6 2. d4 d5 3. Nc3 dxe4 4. Nxe4 Nf6 5. Nxf6+ exf6 6. Be3 Bd6 {[%emt 0:02:53] B15: Caro-Kann: 3 Nc3: 3...g6 and 3...dxe4 4 Nxe4 Nf6 5 Nxf6+ exf6.} 7. Bd3 O-O 8. Qf3 $5 {[%emt 0:00:05][%mdl 4] An interesting side line.} Qa5+ {[%emt 0:09:08] The position is equal.} 9. c3 Re8 10. Ne2 Nd7 {[%emt 0:14:14] A sharp opening} 11. Ng3 $146 (11. O-O Nf8 12. Ng3 Qc7 13. h3 Ng6 14. Nf5 Bf8 15. h4 Be6 16. h5 Ne7 17. Ng3 {0-1 Lagno,K (2546)-Stefanova,A (2453) Online Olym Div Top-C rapid 2020 (1.3)}) 11... Nf8 12. h4 Bxg3 13. Qxg3 h5 14. O-O Bf5 15. b4 Qd5 16. Be2 Be4 17. c4 Qf5 18. Rfd1 (18. a4 $1 $14) 18... a5 $11 19. b5 cxb5 20. cxb5 Rac8 21. Rac1 Ne6 {[%emt 0:00:58] Inhibits Rc5.} 22. Rxc8 Rxc8 23. f3 Bc2 24. Rc1 Rd8 25. Bc4 Bd3 {[%emt 0:02:59] aiming for ...Bxc4.} 26. Bb3 Bxb5 27. d5 Nf8 {[%emt 0:04:41] White should prevent ...a4.} 28. Qc7 {[%emt 0:08:30][%csl LRa5,LRb7,LRd8] [#]} Qe5 $1 29. Qxe5 (29. Qxd8 $2 {perishes.} Qxe3+ 30. Kh2 Qf4+ (30... Qxc1 $2 31. Qxa5 Bf1 32. Kg1 $19) 31. Kh3 Bd7+ $19 (31... Qxc1 $2 32. Qxa5 Qh1+ 33. Kg3 $19)) 29... fxe5 30. Bb6 Re8 (30... Ra8 $1 $14) 31. Bxa5 $18 e4 32. fxe4 Rxe4 33. Rc7 Ba4 34. Rxb7 {[%emt 0:00:05] White is more active.} Nd7 {[%emt 0:00:03][%mdl 8192] Repels Rb8+} (34... Bxb3 $16 35. axb3 (35. Rxb3 Ra4 $14) 35... f6) 35. d6 {[%emt 0:00:41][%cal Bd5d6,Bd6d7][%mdl 32] And now Bxa4 would win.} Rxh4 (35... Bc6 $142) 36. Bxa4 Rxa4 37. Rxd7 Rxa5 {[%emt 0:00:03] [#] KR-KR} 38. Rd8+ $1 Kh7 39. d7 {[%emt 0:00:07] White is clearly winning.} Rd5 40. a4 Kg6 {[%emt 0:01:04] [#]} 41. a5 $1 {[%emt 0:30:05][%mdl 512] Weighted Error Value: White=0.06 (flawless) /Black=0.74  Loses game:     	---       	Black=1      Mistake:       	White=1     	Black=3      Inaccurate:     	White=2     	Black=3      OK:         	White=14    	Black=12     Best:        	White=3     	Black=3} 1-0

[Event "Karel Janecek Open 2025"]
[Site "Prague"]
[Date "2025.03.04"]
[Round "6.5"]
[White "Kolb, Tobias"]
[Black "Grigoryan, Karen H."]
[Result "0-1"]
[Annotator "TA"]
[ECO "A84"]
[WhiteElo "2410"]
[BlackElo "2554"]
[PlyCount "166"]
[EventDate "2025.02.21"]
[EventType "swiss"]
[EventCountry "CZE"]
[SourceTitle "playchess.com"]
[Source "ChessBase"]
[SourceQuality "1"]
[TimeControl "40/5400+30:1800+30"]

1. d4 f5 2. Nf3 Nf6 3. c4 e6 4. g3 Bb4+ 5. Nbd2 O-O 6. a3 {[%emt 0:00:08] A84: Dutch Defence: 2 c4 Miscellaneous.} Bxd2+ 7. Bxd2 d6 8. Bg2 {[%emt 0:00:27] White has an edge.} Qe7 9. Bc3 Ne4 10. Qc2 Nd7 11. b4 Nxc3 12. Qxc3 e5 13. dxe5 dxe5 14. O-O e4 15. Nd4 f4 $146 (15... Nf6 $11) (15... Nf6 16. c5 Nd5 17. Qb3 c6 18. f3 Bd7 19. fxe4 fxe4 20. Nb5 Be6 21. Nd6 Nf4 {½-½ Platt,J-Milner Barry,P Clare Benedict Cup-02 1955 (3.3)}) 16. gxf4 $1 $16 Rxf4 17. Qg3 Rf7 18. Qxc7 Qf6 19. Bxe4 (19. Nb5 $1 $16 {[%cal Rb5d6] And now Nd6! would win.} Ne5 20. Qc5) 19... Nb6 $11 20. Qc5 Bh3 21. Nf3 $1 Bxf1 22. Rxf1 Rc8 $36 {[%emt 0:01:09][%mdl 2048] Black has good play.} 23. Qe3 (23. Qh5 g6 (23... Rxc4 $2 24. Bxh7+ Kf8 25. Ne5 $18) 24. Qg5 Rxc4 25. Qxf6 Rxf6 26. Bxb7 Rc2 $15) (23. Qe5 $11) 23... Nxc4 $17 24. Qd3 (24. Qxa7 $17 Kh8 25. Rd1) 24... Kh8 $19 25. Rc1 b5 26. Qd5 Re8 27. Bd3 Ne5 $1 (27... Nxa3 28. Rc6 Qf4 29. Qh5 $11) 28. Qxb5 (28. Nxe5 $17 {was worth a try.} Qg5+ (28... Qxe5 $2 29. Qxe5 Ref8 30. Qe4 $18) 29. Kh1 Qxc1+ 30. Kg2 Qg5+ 31. Kh1 Qxe5 (31... Rxe5 32. Qa8+) (31... Qc1+ 32. Kg2 $17) 32. Qxf7) 28... Rff8 29. Be4 Qf4 30. Rc5 Qxe4 31. Rxe5 Qg4+ {[%emt 0:00:18] Black attacks} 32. Kf1 Rd8 33. Rd5 Qe4 34. Rxd8 Rxd8 $17 {[%emt 0:00:06][%mdl 4096] Endgame} 35. Qe5 Qc6 {[%emt 0:05:13][%mdl 1024] Black has strong compensation.} 36. Kg2 Re8 37. Qf5 a6 (37... Rxe2 38. Qf8#) 38. h3 h6 (38... Rxe2 39. Qf8#) 39. Qd3 Qe6 40. Nd4 Qd5+ 41. Kh2 Rd8 42. e3 Rf8 43. Qc2 Qe5+ 44. Kg2 Qg5+ $1 45. Kh2 Qh4 46. Kg2 Qg5+ 47. Kh2 Qe5+ 48. Kg2 $1 Rf6 49. Ne2 (49. h4 $1 $11) 49... Qd5+ 50. e4 Qg5+ (50... Rc6 $142 $1 51. exd5 Rxc2) 51. Ng3 h5 {[%emt 0:04:15] Black has more active pieces.} 52. Qc8+ (52. h4 $17 Qxh4 53. e5) 52... Kh7 $19 53. h4 Qxh4 54. e5 Rg6 55. Qf5 {[%emt 0:02:30] Wards off Qf4} Qg4 56. Qxg4 Rxg4 {[%emt 0:00:06] KR-KN} 57. Kf3 $2 (57. f3 Rc4 58. Nxh5) 57... g6 58. Ne4 Kg7 (58... Rg1 $142 {and ...h4 should not be overlooked} 59. Nf6+ Kg7) 59. a4 Rg1 60. b5 a5 61. Nd6 h4 62. b6 h3 63. b7 h2 64. b8=Q h1=Q+ {[%emt 0:00:07] KQR-KQN} 65. Ke3 Re1+ 66. Kd4 Rd1+ 67. Kc5 Qd5+ 68. Kb6 Rd4 $2 (68... Qxe5 $2 69. Ne8+ $18) (68... Qb3+ $1 $19 69. Nb5 Qe6+ (69... Qxa4 $2 70. Qc7+ Kh6 71. Qf7 $19) 70. Kxa5 Rd7) 69. Qc7+ Kh6 70. Qe7 $1 Rf4 71. Nb5 (71. Ka6 $11) 71... Rf7 (71... Rxf2 $2 72. Qh4+ (72. Kxa5 $2 Rf4 $19) 72... Kg7 73. Qxf2 $18) (71... Qa2 $17 72. Qc5 Rxf2 (72... Rxa4 73. Qe3+ g5 74. e6 $11) (72... Qxf2 73. Qxf2 Rxf2 74. Kxa5 $17) 73. Qe3+ Kh7) 72. Qh4+ $11 Kg7 73. Nd6 $1 Qb3+ 74. Ka6 $1 Rf8 ({Better is} 74... Qd3+ $17 75. Qc4 Qxc4+ 76. Nxc4 Rf4 (76... Rxf2 $2 77. Kxa5 g5 78. Kb6 $19)) 75. Qe7+ (75. Qe4 $1 $11 {remains equal.}) 75... Kg8 $17 {[%emt 0:00:04] Chess con chili.} 76. Ne8 $2 {[%emt 0:01:18][%mdl 8192] [#]} (76. Ka7 $17) 76... Qc4+ $1 $19 (76... Qxa4 77. Qg7#) 77. Kxa5 Rf7 $1 78. Nf6+ {[%emt 0:00:24] [#]} Kg7 $1 79. Qd6 Ra7+ 80. Kb6 Ra6+ ({Not} 80... Rxa4 81. Qe7+ Kh6 82. Ng4+ Qxg4 83. Qf8+ Kh7 84. Qe7+ Kg8 85. Qe8+ Kg7 86. Qe7+ Kg8 87. Qe8+ Kg7 88. Qe7+ Kg8 $11) 81. Kb7 Rxd6 82. Ne8+ Kf8 83. Nxd6 Qxa4 {[%emt 0:00:05] Weighted Error Value: White=0.21 (precise) /Black=0.18 (very precise)   Loses game:     	White=1     	---        Missed win:     	---       	Black=2      Mistake:       	White=9     	Black=5      Inaccurate:     	White=5     	Black=5      OK:         	White=21    	Black=24     Best:        	White=15    	Black=11     Strong:       	White=6     	Black=3} 0-1

[Event "Karel Janecek Open 2025"]
[Site "Prague"]
[Date "2025.03.04"]
[Round "6.6"]
[White "Eren, Ataberk"]
[Black "Vetoshko, Volodymyr"]
[Result "1-0"]
[Annotator "TA"]
[ECO "C70"]
[WhiteElo "2402"]
[BlackElo "2529"]
[PlyCount "73"]
[EventDate "2025.02.21"]
[EventType "swiss"]
[EventCountry "CZE"]
[SourceTitle "playchess.com"]
[Source "ChessBase"]
[SourceQuality "1"]
[TimeControl "40/5400+30:1800+30"]

1. e4 e5 2. Nf3 Nc6 3. Bb5 a6 4. Ba4 Nge7 5. Nc3 d6 6. O-O {[%emt 0:02:44] C70: Ruy Lopez: 3...a6 4 Ba4, Norwegian and Delayed Schliemann.} Rb8 7. Re1 Ng6 8. Nd5 $146 {[%emt 0:16:14] White is slightly better.} (8. h3 Be7 9. Nd5 b5 10. Bb3 Na5 11. d4 Nxb3 12. axb3 O-O 13. Bd2 c6 14. Ba5 {1-0 Obgolts,E (2448)-Aradhya,G (2344) Pavlodar op-A 2023 (9)}) 8... Be7 9. c3 {[%emt 0:01:50][%cal Bc2c3,Bc3d4][%mdl 32] White is much more active.} O-O 10. Ne3 Nh4 11. Nxh4 Bxh4 12. d4 exd4 13. cxd4 b5 14. Bc2 Bf6 15. d5 Nb4 16. Bd2 c5 17. dxc6 Nxc6 18. Rb1 Be6 19. Bb3 Re8 (19... Be5 {is more complex.} 20. Nd5 Qh4 21. g3 Qh3) 20. Bd5 Ne7 21. Bxe6 fxe6 22. Ng4 Bd4 23. Bg5 Qb6 24. Qb3 Ng6 25. Rbd1 Ne5 26. Be3 $1 Bxe3 27. Nxe3 Rbc8 28. Qb4 Rc6 29. b3 Rec8 30. Kh1 Rf8 31. Qd2 Qc7 32. f4 Nd7 {[%emt 0:00:55] [#]} (32... Rxf4 $2 {too greedy.} 33. Nd5 exd5 34. Qxf4 $18) ({Black should try} 32... Nf7 $14) 33. e5 $1 $16 Nc5 $2 {[%emt 0:03:28] Black cannot hold the game after this.} (33... Rd8 $16) 34. exd6 $18 Qd7 (34... Qf7 {keeps fighting.} 35. d7 Rd8) 35. Ng4 Rd8 (35... Qd8 $142 36. Ne5 Rb6) 36. Ne5 Qxd6 37. Qe2 {[%emt 0:00:10] Weighted Error Value: White=0.05 (flawless) /Black=0.43  Loses game:     	---       	Black=1      Mistake:       	---       	Black=3      Inaccurate:     	White=2     	Black=3      OK:         	White=13    	Black=11     Best:        	White=3     	Black=1      Strong:       	White=2     	---} 1-0

[Event "Karel Janecek Open 2025"]
[Site "Prague"]
[Date "2025.03.04"]
[Round "6.7"]
[White "Noe, Christopher"]
[Black "Stinka, Jakub"]
[Result "1/2-1/2"]
[Annotator "TA"]
[ECO "E51"]
[WhiteElo "2511"]
[BlackElo "2377"]
[PlyCount "75"]
[EventDate "2025.02.21"]
[EventType "swiss"]
[EventCountry "CZE"]
[SourceTitle "playchess.com"]
[Source "ChessBase"]
[SourceQuality "1"]
[TimeControl "40/5400+30:1800+30"]

1. d4 Nf6 2. c4 e6 3. Nc3 Bb4 4. Bd2 O-O 5. e3 d5 6. Nf3 b6 7. cxd5 exd5 8. Bd3 {[%emt 0:00:27] E51: Nimzo-Indian: Rubinstein: 4...0-0 5 Nf3 d5.} Ba6 9. Bxa6 Nxa6 10. O-O c5 11. Qa4 Qc8 12. dxc5 bxc5 13. Rac1 Qb7 14. Rfd1 Rfd8 15. Ne5 $146 ({Predecessor:} 15. a3 Bxc3 16. Bxc3 Ne4 17. Ba5 Re8 18. b4 cxb4 19. axb4 Rac8 20. Nd4 Nb8 21. Qb5 {1-0 Cvitan,O (2496)-Berkovich,M (2339) Bled Planinc Memorial 1st blitz 2018 (4)}) 15... Rac8 16. Qb5 Qb6 17. Qxb6 axb6 18. Na4 Bxd2 19. Rxd2 Ne4 20. Rdd1 f6 $1 21. f3 $36 {[%emt 0:01:32][%cal Oa4b6][%mdl 2048] White has good play.} Nd6 {[%emt 0:06:56] [#] and ...b5 would now be decisive} (21... fxe5 22. fxe4 d4 (22... b5 23. Nb6 $16) 23. Nxb6) 22. Ng4 h5 $1 23. Nf2 Nc4 24. e4 b5 (24... Nb4 $11) 25. Rxd5 $14 (25. exd5 $6 Nb4 $11) 25... Rxd5 26. exd5 Ne3 (26... Nd6 $14 {might be stronger.} 27. Nb6 Rb8) 27. Nb6 $16 Rb8 (27... Rd8 $2 28. Ne4 $18) 28. Nd7 Rc8 29. Nb6 (29. d6 $16) 29... Rb8 $1 $11 (29... Rd8 $6 30. Ne4 c4 (30... Nxd5 $2 31. Rd1 $18) 31. Re1 $18) 30. Nd7 ({White should try} 30. Rc3 $11) 30... Rc8 $16 31. Ne4 (31. d6 $16) 31... c4 $14 {[%emt 0:01:25] [#]} 32. a4 $1 bxa4 33. d6 Rd8 34. Nb6 {[%emt 0:01:40][%csl LRa4,LRc4][%cal Og1f2] And now Kf2! would win.} f5 35. Kf2 ({Stronger than} 35. Nxc4 Nxc4 36. Rxc4 fxe4 37. Rxa4 Rxd6 38. Rxe4 Nc5 $19) 35... fxe4 36. Kxe3 exf3 (36... Rxd6 $11 37. Nxa4 (37. Nxc4 Rg6 $11) 37... exf3) 37. gxf3 {[%emt 0:00:13] White is more active.} (37. Nxc4 $16 fxg2 38. Rg1) 37... Rxd6 $11 38. Nxc4 {[%emt 0:02:23] Weighted Error Value: White=0.15 (very precise) /Black=0.10 (very precise)   Mistake:       	White=4     	Black=3      Inaccurate:     	White=1     	Black=2      OK:         	White=15    	Black=11     Best:        	White=1     	Black=3      Strong:       	---       	Black=3} 1/2-1/2

[Event "Karel Janecek Open 2025"]
[Site "Prague"]
[Date "2025.03.04"]
[Round "6.8"]
[White "Kistrup, Nicolai"]
[Black "Popovic, Dusan"]
[Result "1-0"]
[Annotator "TA"]
[ECO "C41"]
[WhiteElo "2374"]
[BlackElo "2494"]
[PlyCount "153"]
[EventDate "2025.02.21"]
[EventType "swiss"]
[EventCountry "CZE"]
[SourceTitle "playchess.com"]
[Source "ChessBase"]
[SourceQuality "1"]
[TimeControl "40/5400+30:1800+30"]

1. e4 d6 2. d4 Nf6 3. Nc3 e5 4. Nf3 Nbd7 5. Bc4 Be7 6. O-O O-O 7. Re1 c6 8. a4 h6 9. Be3 {[%emt 0:11:36] C41: Philidor Defence.} Re8 10. h3 exd4 11. Bxd4 $1 {[%emt 0:06:00] White is slightly better. The main line 11.Bxd4 scores better than 11.Nxd4.} Nf8 12. Qd3 Be6 13. Rad1 N6d7 $146 (13... a6 14. Bb3 Bxb3 15. cxb3 Ne6 16. Qc2 Bf8 17. e5 Nxd4 18. Rxd4 Qb6 19. a5 Qa7 {1-0 Praggnanandhaa,R (2747)-Abdusattorov,N (2766) Warsaw Superbet Rapid 2024 (3)}) 14. Ne2 $1 Qa5 15. b3 (15. Bc3 {keeps more tension.} Bxc4 16. Qxc4 Qc5 17. Qb3) 15... Nc5 16. Bxc5 Qxc5 17. Bxe6 Nxe6 18. Ned4 Nxd4 19. Nxd4 g6 20. Nf3 Bf8 21. Re2 Rad8 22. c4 Bg7 23. g3 Re6 24. Kg2 Rde8 25. Rde1 Qb4 26. Re3 Qc5 27. h4 a6 28. R1e2 b5 29. axb5 cxb5 30. cxb5 axb5 31. Rc2 Qb4 32. Rce2 Rc8 33. Rc2 Ree8 34. Rxc8 Rxc8 35. e5 (35. Qd5 $5) 35... dxe5 36. Nxe5 Qc5 37. Qd7 $36 {[%emt 0:00:53][%mdl 2048] White is pushing.} Rc7 38. Qd8+ Kh7 39. Nf3 Qc6 40. h5 Rd7 41. hxg6+ fxg6 42. Qe8 Qd5 (42... Qb7 $11) 43. Re6 $18 Qd3 {[%emt 0:11:47] [#]} 44. Ne1 $1 Qd5+ 45. Nf3 $2 (45. Kg1 $18 Rd8 46. Qxg6+ Kh8 47. Re7) 45... Qd3 $14 46. Ne1 $2 (46. Nh4 $14) 46... Qd5+ $18 {[%emt 0:00:09] White now steadily converts the win.} 47. Kg1 Rd8 48. Qxg6+ Kh8 49. Re7 Rg8 (49... Qd4 $142 50. Nd3 (50. Re8+ Rxe8 51. Qxe8+ Kh7 $18) 50... Rf8) 50. Nd3 Qg5 51. Qe4 Rf8 {[%emt 0:00:47] [#] Black is weak on the light squares} 52. Ne5 $1 Kg8 53. Ng6 Rd8 54. Nf4 Rf8 55. Rb7 Qf5 {[%emt 0:01:29] Wards off Ne6} 56. Qe6+ Rf7 57. Qe8+ Bf8 58. Rxb5 Qc2 (58... Re7 {keeps fighting.} 59. Qc6 Re1+ 60. Kh2 Qe4 61. Qd5+ Qxd5 62. Nxd5 (62. Rxd5 Rb1 $18) 62... Re2) 59. Qe6 Qd1+ 60. Kg2 Qd7 {[%emt 0:00:07] Repels Rb7} 61. Qc4 Bd6 62. Rd5 Qb7 63. Ne2 Be5 64. Kg1 Qb6 (64... Qe7 $142 65. Rc5 Qf6 66. Qg4+ Kh8 67. Rc8+ Rf8 68. Rxf8+ Qxf8) 65. Rc5 ({And not} 65. Rxe5 Qxf2+ 66. Kh1 Qf3+ 67. Kh2 (67. Kg1 Qf2+ 68. Kh1 Qf3+ 69. Kh2 Qf2+ 70. Kh1 $11) 67... Qf2+ 68. Kh1 Qf3+ 69. Kh2 Qf2+ 70. Kh3 Qf1+ 71. Kg4 Qf3+ 72. Kh3 Qh1+ 73. Kg4 Qf3+ 74. Kh3 Qh1+ 75. Kg4 Qf3+ $11) 65... Bd6 (65... Kg7 $142 66. Qg4+ (66. Rxe5 Qxf2+ 67. Kh1 Qe1+ 68. Kh2 Rf2+ 69. Kh3 Qh1+ 70. Kg4 Qf3+ 71. Kh3 Qg2+ 72. Kg4 Qf3+ 73. Kh3 Qh1+ 74. Kg4 Qf3+ $11) 66... Kf8) 66. Rf5 {[%emt 0:00:26] White is clearly winning.} Qc7 67. Qxf7+ Qxf7 68. Rxf7 Kxf7 {[%emt 0:00:06][%mdl 4096] Endgame KB-KN. White is two pawns up.} 69. Kg2 Ke6 70. Kf3 {[%emt 0:00:28] and Kg4 should not be overlooked} Kd5 71. Kg4 Ke4 72. Nf4 Bc5 73. f3+ Ke3 74. Ne6 Bd6 75. Ng7 {[%emt 0:00:16] White wants to mate with Nf5+.} Kf2 76. Nf5 Bf8 77. f4 {[%emt 0:00:22] Weighted Error Value: White=0.24 (precise) /Black=0.48  Loses game:     	---       	Black=1      Missed win:     	White=1     	---        Mistake:       	White=1     	Black=4      Inaccurate:     	White=6     	Black=5      OK:         	White=25    	Black=21     Best:        	White=2     	Black=3      Strong:       	White=2     	---} 1-0

[Event "Karel Janecek Open 2025"]
[Site "Prague"]
[Date "2025.03.04"]
[Round "6.10"]
[White "Isik, Alparslan"]
[Black "Filgueiras, Nathan Felipe"]
[Result "1/2-1/2"]
[Annotator "TA"]
[ECO "D61"]
[WhiteElo "2477"]
[BlackElo "2335"]
[PlyCount "160"]
[EventDate "2025.02.21"]
[EventType "swiss"]
[EventCountry "CZE"]
[SourceTitle "playchess.com"]
[Source "ChessBase"]
[SourceQuality "1"]
[TimeControl "40/5400+30:1800+30"]

1. d4 Nf6 2. c4 e6 3. Nf3 d5 4. Nc3 c6 5. Bg5 h6 6. Bh4 Be7 7. e3 Nbd7 8. Qc2 O-O 9. a3 Ne8 {[%emt 0:06:12] D61: Queen's Gambit Declined: Classical: 7 Qc2.} 10. Bg3 Bd6 11. Bd3 Qe7 $146 {[%emt 0:12:31] White has an edge.} (11... dxc4 12. Bxc4 Nb6 13. Bd3 Nd5 14. Ne5 Nef6 15. O-O Nh5 16. Ne4 Nxg3 17. hxg3 Bxe5 18. dxe5 {1-0 Arnaudov,P (2226)-Dimitrov,R Plovdiv Tringov Memorial 2004 (7)}) 12. cxd5 exd5 13. O-O Bxg3 14. hxg3 Nd6 15. b4 a6 16. a4 Nb6 17. Rab1 Nbc4 18. Rb3 {[%emt 0:02:19] Repels Na3} Bg4 (18... b5 {seems wilder.} 19. e4 bxa4 20. Nxa4 dxe4 21. Bxc4 exf3 22. Re3 Qb7) 19. b5 axb5 20. axb5 Qf6 21. bxc6 bxc6 22. Nd2 Nxd2 23. Qxd2 Rfb8 24. Rxb8+ Rxb8 25. Rc1 Bf5 26. Bf1 Ne4 27. Nxe4 Bxe4 28. Qc3 Rb1 29. Rxb1 (29. Qxc6 $2 {is the wrong capture.} Qxc6 30. Rxc6 Bd3 $19) 29... Bxb1 $11 {[%emt 0:00:06][%mdl 4096] Endgame KQB-KQB} 30. Qb3 Bf5 31. Qb8+ Kh7 32. Qc7 Qe6 33. Be2 Qd7 34. Qb8 Qe7 35. Qb6 Bd7 36. Qc7 Qe6 {[%emt 0:01:25] Prevents Bg4} 37. Ba6 g6 38. Bb7 Kg7 39. Kh2 h5 40. f3 Be8 41. Qf4 Qf6 42. Bc8 g5 43. Qc7 Kf8 44. Qa5 Qe7 45. Qc3 Bd7 46. Ba6 h4 47. gxh4 gxh4 48. Bf1 Qd6+ 49. f4 Qg6 50. Qe1 Qf6 51. Bd3 Bg4 52. Qf2 Qh6 53. Bc2 Ke7 54. Qe1 Qf6 55. Qa5 Bd7 56. Qa3+ Ke8 57. Qa8+ Ke7 58. Qg8 Bf5 59. Bxf5 Qxf5 {[%emt 0:00:02] KQ-KQ} 60. Qg7 Qf6 {[%emt 0:01:26] [#]} (60... Kd7 $11 {remains equal.}) 61. Qg4 $1 $16 Kd6 {[%emt 0:00:43] [#]} 62. f5 (62. Qc8 $1 $16) 62... Qh6 $11 {[%emt 0:00:27] The position is equal.} 63. Qf3 Ke7 64. e4 dxe4 65. Qxe4+ Kd7 66. Kh3 Qg5 67. Qg4 {[%emt 0:00:01] Active counter play!} Qxg4+ 68. Kxg4 Kd6 69. Kxh4 {[%emt 0:02:08] K3P-KPP. White is a pawn up.} Kd5 70. Kg5 Kxd4 {[%emt 0:00:08] ( -> ...c5). KPP-KPP} 71. Kf6 c5 $1 {[%emt 0:00:32] ( -> ...c4)} (71... Ke4 72. g4 (72. Kxf7 Kxf5 73. g4+ Kf4 $11) 72... c5 73. Kxf7 $14) 72. Kxf7 {[%emt 0:00:26] KPP-KP. White is a pawn up.} c4 {[%emt 0:00:03] ( -> ...c3)} 73. f6 c3 {[%emt 0:00:03] ( -> ...c2)} 74. Kg8 (74. Kg6 $5 c2 $8 75. f7 $11) 74... c2 75. f7 c1=Q {[%emt 0:00:05] ( -> ...Qg5+)} 76. f8=Q {[%emt 0:00:03] g4 would now be deadly.} Qg5+ 77. Qg7+ Qxg7+ 78. Kxg7 Ke4 79. g4 {[%emt 0:00:04] Threatening mate with Kf6.} (79. Kh6 $5 Kf4 $8 80. Kh7 $11) 79... Kf4 80. g5 Kxg5 {[%emt 0:00:03] Weighted Error Value: White=0.03 (flawless) /Black=0.08 (flawless)   Mistake:       	White=1     	Black=1      Inaccurate:     	White=1     	Black=5      OK:         	White=25    	Black=34     Best:        	White=3     	Black=10     Strong:       	White=1     	Black=1} 1/2-1/2